 Dungeon Crawl Stone Soup version 0.19.5 (webtiles) character file.

890 sveltemanboy the Poker (level 7, -4/52 HPs)
             Began as a Demonspawn Monk on Mar 31, 2017.
             Slain by an ice beast (12 damage)
             ... on level 5 of the Dungeon.
             The game lasted 00:14:11 (6580 turns).

sveltemanboy the Poker (Demonspawn Monk)            Turns: 6580, Time: 00:14:12

Health: -4/52      AC:  5    Str: 13    XL:     7   Next: 77%
Magic:  7/7        EV: 12    Int: 12    God:
Gold:   299        SH:  0    Dex: 15    Spells: 0 memorised, 6 levels left

rFire  . . .     SeeInvis .     a - +0 trident
rCold  . . .     Gourm    .     l - +0 ring mail
rNeg   . . .     Faith    .     (no shield)
rPois  .         Spirit   .     (no helmet)
rElec  .         Reflect  .     (no cloak)
rCorr  .         Harm     .     (no gloves)
MR     .....                    (no boots)
Stlth  ++........               (no amulet)
                                (no ring)
                                (no ring)

@: no status effects
A: talons 1, nightstalker 1, sturdy frame 2
a: no special abilities


You were on level 5 of the Dungeon.
You were not hungry.

You visited 1 branch of the dungeon, and saw 5 of its levels.

You collected 299 gold pieces.

Inventory:

Hand Weapons
 a - a +0 trident (weapon)
Armour
 l - a +0 ring mail (worn)
Wands
 e - a wand of lightning (10/15)
 y - a wand of polymorph (3/24)
Scrolls
 b - a scroll of recharging {unknown}
 g - 2 scrolls of enchant armour {unknown}
 j - 2 scrolls of amnesia {unknown}
 k - a scroll of teleportation {unknown}
 m - a scroll of remove curse {unknown}
 r - 2 scrolls of fog {unknown}
 s - 2 scrolls of enchant weapon {unknown}
 x - a scroll of blinking {unknown}
 A - a scroll of immolation {unknown}
Potions
 d - a potion of heal wounds
 f - 3 potions of magic
 i - a potion of curing
 o - a potion of haste
 p - a potion of resistance
 z - a potion of flight
Comestibles
 c - 2 bread rations
 h - a royal jelly
 n - 5 fruits
 q - a beef jerky
 t - 2 meat rations
 u - a slice of pizza
 w - 5 chunks of flesh


   Skills:
 - Level 3.0 Fighting
 * Level 7.4 Polearms
 - Level 4.1 Armour
 - Level 2.6 Dodging
 - Level 1.7 Stealth


You had 6 spell levels left.
You didn't know any spells.

Dungeon Overview and Level Annotations

Branches:
Dungeon (5/15)
 Temple: D:4-7

Altars:


Innate Abilities, Weirdness & Mutations

You have sharp toenails.
You are slightly more attuned to the shadows.
Your movements are less encumbered by armour. (ER -4)


Message History

The ice beast resists with some effort.
Evoking this partially-identified wand wasted a few charges.
The ice beast hits you but does no damage.
Evoke which item? (* to show all) (? for menu, Esc to quit)
Zapping:
y - a wand of polymorph {zapped: 5} (will waste charges)
Press: ? - help, Shift-Dir - straight line, f/p - ice beast
Aim: an ice beast (lightly wounded, chance to defeat MR: 46%)
The ice beast resists with some effort.
Evoking this partially-identified wand wasted a few charges.
The ice beast hits you but does no damage.
Evoke which item? (* to show all) (? for menu, Esc to quit)
Zapping:
y - a wand of polymorph {zapped: 8} (will waste charges)
Press: ? - help, Shift-Dir - straight line, f/p - ice beast
Aim: an ice beast (lightly wounded, chance to defeat MR: 46%)
The ice beast resists with some effort.
Evoking this partially-identified wand wasted a few charges.
The ice beast hits you.
* * * LOW HITPOINT WARNING * * *
The ice beast freezes you!
You die...

#...........#
#........####
#.....#........##
#.....#.........#
#.#.#.#.........#
.....#.........#
#.....#.........#
#.#Y#.#.........#
#..@..#.........#
#.....#.........#
#.#.#.#>........#
#.....#.........#
#.....#....######
............#
........#....#
........#....#
.......#....#


You could see an ice beast.

Vanquished Creatures
  A phantom (D:4)
  A centaur (D:4)
  3 big kobolds (D:3)
  A howler monkey (D:4)
  A hound (D:4)
  3 orc wizards
  A centaur skeleton (D:4)
  2 worker ants (D:4)
  A howler monkey zombie (D:3)
  7 gnolls
  7 adders
  An ooze (D:1)
  2 worms
  5 dart slugs
  5 leopard geckos
  6 orcs
  8 bats
  6 giant cockroaches
  6 goblins
  12 hobgoblins
  52 kobolds
  4 quokkas
  A ball python (D:3)
  4 frilled lizards
  A quokka skeleton (D:3)
  8 rats
149 creatures vanquished.

Notes
Turn   | Place    | Note
-------+----------+-------------------------------------------
     0 | D:1      | sveltemanboy the Demonspawn Monk began the quest for the Orb.
     0 | D:1      | Reached XP level 1. HP: 18/18 MP: 1/1
   142 | D:1      | Reached skill level 3 in Polearms
   142 | D:1      | Gained mutation: Your movements are slightly less encumbered by armour. (ER -2) [demonic ancestry]
   142 | D:1      | Reached XP level 2. HP: 11/24 MP: 2/2
   352 | D:1      | Reached skill level 1 in Armour
   727 | D:1      | Gained mutation: You have sharp toenails. [demonic ancestry]
   727 | D:1      | Reached XP level 3. HP: 29/29 MP: 3/3
  1367 | D:2      | Reached XP level 4. HP: 26/35 MP: 4/4
  1372 | D:2      | Reached skill level 4 in Polearms
  2507 | D:3      | Reached XP level 5. HP: 39/41 MP: 5/5
  3901 | D:3      | Reached skill level 5 in Polearms
  3901 | D:3      | Gained mutation: You are slightly more attuned to the shadows. [demonic ancestry]
  3901 | D:3      | Reached XP level 6. HP: 20/47 MP: 6/6
  4734 | D:3      | Reached skill level 6 in Polearms
  4876 | D:4      | Gained mutation: Your movements are less encumbered by armour. (ER -4) [demonic ancestry]
  4876 | D:4      | Reached XP level 7. HP: 41/52 MP: 7/7
  6004 | D:4      | Reached skill level 7 in Polearms
  6514 | D:5      | Entered Level 5 of the Dungeon
  6580 | D:5      | Slain by an ice beast

Skill      XL: |  1  2  3  4  5  6  7 |
---------------+----------------------+-----
Polearms       | 3 4 5 6 7 |  7.4
Armour         | 1 2 3 4 |  4.1
Fighting       | |  3.0
Dodging        | |  2.6
Stealth        | |  1.7

Action                   |  1- 3 |  4- 6 |  7- 9 || total
-------------------------+-------+-------+-------++-------
Melee: Spear             |   152 |   214 |       ||   366
       Kick              |     8 |    77 |    28 ||   113
       Trident           |       |   200 |   131 ||   331
Evoke: Wand              |       |       |     8 ||     8
  Use: Potion            |     2 |     3 |       ||     5
       Scroll            |       |       |     5 ||     5
 Stab: Sleeping          |     6 |     4 |     4 ||    14
       Distracted        |       |     2 |       ||     2
  Eat: Chunk             |     1 |    11 |     5 ||    17
       Pizza             |       |     1 |       ||     1
Armor: Robe              |    23 |       |       ||    23
       Ring mail         |     7 |   119 |    25 ||   151
Dodge: Dodged            |    76 |   227 |    63 ||   366
